 Dungeon Crawl Stone Soup version 0.28-a0-1518-gbe868bca14 (webtiles) character file.

Game seed: 14747132208683497134

490 sanka the Insei (level 7, -5/60 HPs)
             Began as a Gnoll Monk on Jan 16, 2022.
             Slain by an ogre (25 damage)
             ... on level 4 of the Dungeon.
             The game lasted 00:04:20 (4071 turns).

sanka the Insei (Gnoll Monk)                        Turns: 4071, Time: 00:04:20

Health: -5/60      AC:  3    Str: 11    XL:     7   Next: 14%
Magic:  10/10      EV: 15    Int: 17    God:
Gold:   110        SH:  0    Dex: 14    Spells: 10/10 levels left

rFire   . . .      SeeInvis .     - Unarmed
rCold   . . .      Faith    .   (no shield)
rNeg    . . .      Spirit   .   a - +0 robe
rPois   .          Reflect  .   (no helmet)
rElec   .          Harm     .   (no cloak)
rCorr   .          Rampage  .   (no gloves)
Will    .....                   i - +0 pair of boots
Stlth   +++.......              (no amulet)
HPRegen 0.20/turn               (no ring)
MPRegen 0.12/turn               b - +6 ring of intelligence

@: no status effects
A: fangs 1, strong nose, distributed training
a: no special abilities


You were on level 4 of the Dungeon.
You visited 1 branch of the dungeon, and saw 4 of its levels.

You collected 110 gold pieces.


Innate Abilities, Weirdness & Mutations

You have very sharp teeth.
Your uncanny sense of smell can sniff out nearby items.
Your experience applies equally to all skills.


   Skills:
 + Level 7.0 Fighting
 + Level 2.3 Short Blades
 + Level 2.3 Long Blades
 + Level 2.3 Axes
 + Level 2.3 Maces & Flails
 + Level 2.3 Polearms
 + Level 2.3 Staves
 + Level 2.3 Slings
 + Level 2.3 Bows
 + Level 2.3 Crossbows
 + Level 2.3 Throwing
 + Level 2.3 Armour
 + Level 7.0 Dodging
 + Level 4.8 Stealth
 + Level 2.3 Shields
 + Level 7.0 Unarmed Combat
 + Level 2.3 Spellcasting
 + Level 1.8 Conjurations
 + Level 1.8 Hexes
 + Level 1.8 Summonings
 + Level 1.8 Necromancy
 + Level 1.8 Translocations
 + Level 1.8 Transmutations
 + Level 1.8 Fire Magic
 + Level 1.8 Ice Magic
 + Level 1.8 Air Magic
 + Level 1.8 Earth Magic
 + Level 1.8 Poison Magic
 + Level 2.5 Invocations
 + Level 2.3 Evocations


You had 10 spell levels left.
You didn't know any spells.
Your spell library was empty.

Inventory:

Armour
 a - a +0 robe (worn)
 i - a +0 pair of boots (worn)
Magical Staves
 k - a staff of air
Jewellery
 b - a +6 ring of intelligence (right hand)
 e - a ring of ice
Scrolls
 g - 3 scrolls of identify {unknown}
 l - 3 scrolls of teleportation {unknown}
 n - 2 scrolls of noise {unknown}
 o - a scroll of enchant armour {unknown}
 p - a scroll of fear {unknown}
Potions
 c - 4 potions of heal wounds {unknown}
 d - a potion of might {unknown}
 f - a potion of invisibility {unknown}
 h - 2 potions of haste {unknown}
 j - a potion of magic {unknown}
 m - a potion of cancellation {unknown}
 q - 2 potions of attraction {unknown}

Dungeon Overview and Level Annotations

Branches:
Dungeon (4/15)             Temple (0/1) D:4

Altars:
Fedhas
Kikubaaqudgha

Shops:
D:3

* ▒.▒ ▒▒▒▒..▒▒▒▒ ▒.▒
▒▒.▒▒▒........▒ ▒.▒
▒▒...▒▒.▒▒..▒▒.▒ ▒.▒
▒.....▒.▒▒..▒▒.▒ ▒.▒
▒.▒▒..........▒▒.▒▒▒.▒
▒.........▒▒.........▒
▒▒▒▒▒.▒▒▒▒▒▒▒▒▒....▒▒▒
▒.▒ ▒.▒.▒.▒ ▒▒'▒▒
▒Og..▒▒ ▒▒...▒▒ ▒▒▒.▒▒
▒▒<....▒▒ ▒.▒
▒▒)......▒ ▒..
▒.........▒ ..▒.
'.........+ .▒▒▒.
▒.........▒ ∆ . ▒▒
.▒.......▒▒ ▒.▒.....▒▒


You could see an ogre.


Message History

A hobgoblin is nearby!
Found a trident.
The helpless hobgoblin fails to defend itself.
You punch the hobgoblin!
You kill the hobgoblin!
No target in view!
No target in view!
You see here a +0 trident.
An ogre comes into view. It is wielding a +0 giant spiked club.
An ogre is nearby!
An ogre is nearby!
The helpless ogre fails to defend itself.
You hit the ogre. Your bite misses the ogre.
The ogre is lightly wounded.
The ogre hits you with a +0 giant spiked club!!
You hit the ogre.
The ogre is moderately wounded.
The ogre misses you.
You punch the ogre! You punch the ogre.
The ogre is almost dead.
You barely miss the ogre.
The ogre is almost dead.
The ogre hits you with a +0 giant spiked club!
* * * LOW HITPOINT WARNING * * *
You barely miss the ogre.
The ogre is almost dead.
The ogre hits you with a +0 giant spiked club!!
You die...

Action                   |  1- 3 |  4- 6 |  7- 9 || total
-------------------------+-------+-------+-------++-------
Melee: Unarmed           |   102 |   181 |     6 ||   289
       Bite              |     7 |    20 |       ||    27
       Punch             |     3 |    10 |     1 ||    14
 Stab: Sleeping          |    12 |     9 |     2 ||    23
Armor: Robe              |    12 |    47 |       ||    59
Dodge: Dodged            |    66 |   175 |     1 ||   242

Levels and vault maps discovered:
D:1:      minmay_arrival_wavy_path, layout_basic, hangedman_decor_riveting,
          minmay_misc_feat_enclosed, minmay_tetromino_s4
D:2:      layout_basic, ebering_ecumenical_altar_rust, basic_altar, uniq_jessica
D:3:      layout_rooms, fedhas_ov_isle_minmay, serial_shops,
          nicolae_diamond_shop, goddamned_bats
D:4:      layout_loops_corners, minmay_temple_entry_butterflies

Notes
Turn   | Place    | Note
-------+----------+-------------------------------------------
     0 | D:1      | sanka the Gnoll Monk began the quest for the Orb.
     0 | D:1      | Reached XP level 1. HP: 23/23 MP: 1/1
   289 | D:1      | Reached XP level 2. HP: 29/29 MP: 2/2
   644 | D:1      | Reached XP level 3. HP: 34/35 MP: 3/3
   926 | D:1      | Reached skill level 1 in Invocations
  1167 | D:2      | Reached skill level 1 in Short Blades
  1167 | D:2      | Reached skill level 1 in Long Blades
  1167 | D:2      | Reached skill level 1 in Axes
  1167 | D:2      | Reached skill level 1 in Maces & Flails
  1167 | D:2      | Reached skill level 1 in Polearms
  1167 | D:2      | Reached skill level 1 in Staves
  1167 | D:2      | Reached skill level 1 in Slings
  1167 | D:2      | Reached skill level 1 in Bows
  1167 | D:2      | Reached skill level 1 in Crossbows
  1167 | D:2      | Reached skill level 1 in Throwing
  1167 | D:2      | Reached skill level 1 in Armour
  1167 | D:2      | Reached skill level 1 in Shields
  1167 | D:2      | Reached skill level 1 in Spellcasting
  1167 | D:2      | Reached skill level 1 in Evocations
  1257 | D:2      | Reached XP level 4. HP: 41/41 MP: 5/5
  1502 | D:2      | Found an ancient bone altar of Kikubaaqudgha.
  1709 | D:2      | Noticed Jessica
  1712 | D:2      | Killed Jessica
  1713 | D:2      | Reached skill level 1 in Conjurations
  1713 | D:2      | Reached skill level 1 in Hexes
  1713 | D:2      | Reached skill level 1 in Summonings
  1713 | D:2      | Reached skill level 1 in Necromancy
  1713 | D:2      | Reached skill level 1 in Translocations
  1713 | D:2      | Reached skill level 1 in Transmutations
  1713 | D:2      | Reached skill level 1 in Fire Magic
  1713 | D:2      | Reached skill level 1 in Ice Magic
  1713 | D:2      | Reached skill level 1 in Air Magic
  1713 | D:2      | Reached skill level 1 in Earth Magic
  1713 | D:2      | Reached skill level 1 in Poison Magic
  1804 | D:2      | Found a faded altar of an unknown god.
  2052 | D:3      | Reached XP level 5. HP: 8/47 MP: 5/7
  2416 | D:3      | Found Vuleh's Assorted Antiques.
  2527 | D:3      | Found a blossoming altar of Fedhas.
  2721 | D:3      | Reached XP level 6. HP: 27/53 MP: 8/8
  2724 | D:3      | Reached skill level 2 in Invocations
  3405 | D:4      | Reached skill level 2 in Short Blades
  3405 | D:4      | Reached skill level 2 in Long Blades
  3405 | D:4      | Reached skill level 2 in Axes
  3405 | D:4      | Reached skill level 2 in Maces & Flails
  3405 | D:4      | Reached skill level 2 in Polearms
  3405 | D:4      | Reached skill level 2 in Staves
  3405 | D:4      | Reached skill level 2 in Slings
  3405 | D:4      | Reached skill level 2 in Bows
  3405 | D:4      | Reached skill level 2 in Crossbows
  3405 | D:4      | Reached skill level 2 in Throwing
  3405 | D:4      | Reached skill level 2 in Armour
  3405 | D:4      | Reached skill level 2 in Shields
  3405 | D:4      | Reached skill level 2 in Spellcasting
  3405 | D:4      | Reached skill level 2 in Evocations
  3680 | D:4      | Found a staircase to the Ecumenical Temple.
  4029 | D:4      | Reached skill level 7 in Fighting
  4029 | D:4      | Reached skill level 7 in Dodging
  4029 | D:4      | Reached skill level 7 in Unarmed Combat
  4029 | D:4      | Reached XP level 7. HP: 60/60 MP: 10/10
  4071 | D:4      | Slain by an ogre

Vanquished Creatures
  2 ogres (D:4)
  A vampire bat (D:3)
  Jessica (D:2)
  2 iguanas
  4 adders
  An adder skeleton (D:2)
  A worm (D:3)
  2 dart slugs
  3 fire bats (D:3)
  An orc (D:4)
  2 spectral bats (D:3)
  14 bats
  A bat simulacrum (D:3)
  3 bat skeletons (D:3)
  A bat zombie (D:3)
  9 endoplasms
  4 giant cockroaches
  7 hobgoblins
  5 jackals
  6 kobolds
  5 quokkas
  7 ball pythons
  3 frilled lizards (D:1)
  5 goblins
  4 rats
94 creatures vanquished.
